 Dungeon Crawl Stone Soup version 0.30-a0-393-g54b8e3be05 (webtiles) character file.

Game seed: 11631768717164606365

44 funkygono the Firebug (level 3, -2/24 HPs)
             Began as a Demonspawn Fire Elementalist on Dec 5, 2022.
             Killed from afar by Ijyb (14 damage)
             ... with a puff of flame
             ... on level 3 of the Dungeon.
             The game lasted 00:02:09 (1761 turns).

funkygono the Firebug (DsFE)                        Turns: 1761, Time: 00:02:09

Health: -2/24      AC:  2    Str:  8    XL:     3   Next: 41%
Magic:  1/6        EV: 12    Int: 18    God:
Gold:   151        SH:  0    Dex: 13    Spells: 3/6 levels left

rFire   . . .      SeeInvis .    c - +0 mace
rCold   . . .      Faith    .    (no shield)
rNeg    . . .      Spirit   .    a - +0 robe
rPois   +          Reflect  .    (no helmet)
rElec   .          Harm     .    (no cloak)
rCorr   .          Rampage  .    (no gloves)
Will    .....                    (no boots)
Stlth   ++........               (no amulet)
HPRegen 0.24/turn                i - ring of poison resistance
MPRegen 0.10/turn                l - ring of wizardry

@: no status effects
A: claws 1
a: no special abilities


You were on level 3 of the Dungeon.
You visited 1 branch of the dungeon, and saw 3 of its levels.

You collected 151 gold pieces.

Inventory:

Hand Weapons
 c - a +0 mace (weapon)
Armour
 a - a +0 robe (worn)
Jewellery
 i - a ring of poison resistance (left claw)
 l - a ring of wizardry (right claw)
Scrolls
 e - 4 scrolls of identify {unknown}
 f - a scroll of vulnerability {unknown}
 g - 2 scrolls of teleportation {unknown}
 h - 2 scrolls of magic mapping {unknown}
 k - a scroll of enchant armour {unknown}
 m - a scroll of noise {unknown}
 n - a scroll of amnesia {unknown}
Potions
 b - 2 potions of magic
 d - a potion of mutation {unknown}
 j - a potion of heal wounds {unknown}
 o - a potion of resistance {unknown}
 p - a potion of curing {unknown}
 q - a potion of attraction {unknown}
 r - a potion of cancellation {unknown}


   Skills:
 + Level 2.1 Dodging
 - Level 1.7 Stealth
 + Level 2.4 Spellcasting
 + Level 1.4 Conjurations
 + Level 3.4 Fire Magic


You had 3 spell levels left.
You knew the following spells:

 Your Spells              Type           Power      Damage    Failure   Level
a - Foxfire               Conj/Fire      40%        2x1d6     2%          1
b - Scorch                Fire           28%        2d6       2%          2

Your spell library contained the following spells:

 Spells                   Type           Power      Damage    Failure   Level
 Beastly Appendage        Tmut           4%         N/A       7%          1
 Wereblood                Tmut           2%         N/A       11%         2
 Inner Flame              Hex/Fire       8%         N/A       11%         3
 Kindle Blastsparks       Fire/Tloc/Air  12%        2d11      13%         3
 Spider Form              Tmut/Pois      2%         N/A       21%         3
 Flame Wave               Conj/Fire      10%        2d6       26%         4


Dungeon Overview and Level Annotations

Branches:
Dungeon (3/15)

Altars:
Uskayaw

Annotations:
D:3 Ijyb


Innate Abilities, Weirdness & Mutations

You have sharp fingernails.


Message History

You conjure some foxfire!
The foxfire hits Ijyb but does no damage.
Ijyb is moderately wounded.
The foxfire hits Ijyb.
Ijyb is moderately wounded.
Casting: Foxfire (safe; 2% risk of failure)
Confirm with . or Enter, or press ? or * to list all spells.
Flames lash Ijyb.
Ijyb is heavily wounded.
Ijyb's fire resistance burns away.
The foxfire hits Ijyb.
Ijyb is burned terribly!
Ijyb is severely wounded.
The foxfire hits Ijyb.
Ijyb is severely wounded.
Casting: Scorch (safe; 2% risk of failure)
Confirm with . or Enter, or press ? or * to list all spells.
You conjure some foxfire!
You hit Ijyb.
Ijyb is almost dead.
The foxfire hits Ijyb but does no damage.
Ijyb is almost dead.
The foxfire hits Ijyb but does no damage.
Ijyb is almost dead.
Ijyb hits you with a +0 dagger.
You miss Ijyb.
Ijyb is severely wounded.
Ijyb is no longer more vulnerable to fire.
Ijyb hits you with a +0 dagger.
You barely miss Ijyb.
Ijyb is severely wounded.
Ijyb screams, "I cut your head off!" Ijyb misses you.
Ijyb hits you with a +0 dagger.
You barely miss Ijyb.
Ijyb is severely wounded.
Ijyb completely misses you.
You hit Ijyb but do no damage.
Ijyb is severely wounded.
Ijyb hits you with a +0 dagger.
Ijyb zaps a wand.
The puff of flame hits you!
Ouch! That really hurt!
You die...

.8.......8..#
.....)......# #........
.8..._...8..# #........
....###.....# #........
.......)....# #........
#...........# #........
#...........# #........
#...........####g.......
................@......>
...######....##########+
... ##'#.# ... #.#.# ...
#.#.# ... #.#.. ..#..
......


You could see Ijyb.

Vanquished Creatures
  An adder (D:2)
  An orc (D:3)
  4 endoplasms
  A giant cockroach (D:2)
  2 goblins
  3 hobgoblins
  4 jackals (D:2)
  A quokka (D:2)
  4 ball pythons
  2 bats (D:2)
  3 frilled lizards
  2 kobolds
  5 rats
33 creatures vanquished.

Vanquished Creatures (others)
  95 foxfires
  A plant (D:2)
96 creatures vanquished.

Grand Total: 129 creatures vanquished

Notes
Turn   | Place    | Note
-------+----------+-------------------------------------------
     0 | D:1      | funkygono the Demonspawn Fire Elementalist began the quest
                  | for the Orb.
     0 | D:1      | Reached XP level 1. HP: 13/13 MP: 3/3
   309 | D:1      | Reached skill level 3 in Fire Magic
   314 | D:1      | Gained mutation: You have sharp fingernails. [demonic
                  | ancestry]
   314 | D:1      | Reached XP level 2. HP: 19/19 MP: 0/5
   460 | D:1      | Learned a level 2 spell: Scorch
  1296 | D:2      | Reached XP level 3. HP: 24/24 MP: 4/6
  1700 | D:3      | Found a hide-covered altar of Uskayaw.
  1750 | D:3      | Noticed Ijyb
  1761 | D:3      | Killed from afar by Ijyb

Illustrated notes

Levels and vault maps discovered:
D:1:      nzn_arrival_depleted_hourglass, layout_rooms, minmay_tiny_reverse_x
D:2:      layout_rooms, serial_bayou_crossing
D:3:      layout_basic, eat_drink_and_be_merry_uskayaw,
          hangedman_decor_peaks_small, uniq_robin, uniq_ijyb

Skill      XL: |  1  2 |
---------------+-------+-----
Fire Magic     | 3 |  3.4
Dodging        | 2 |  2.1
Stealth        | |  1.7
Spellcasting   | |  2.4
Conjurations   | |  1.4

Action                   || total
-------------------------++-------
Melee: Mace              ||    15
 Cast: Foxfire           ||    53
       Scorch            ||     2
Armor: Robe              ||    10
Dodge: Dodged            ||    27

Table legend: (Time is in decaauts)
 A = Elapsed time spent in this place.
 B = Non-inter-level travel time spent in this place.
 C = Inter-level travel time spent in this place.
 D = Time resting spent in this place.
 E = Time spent auto-exploring this place.
 F = Levels seen in this place.
 G = Mean time per level.
                   A        B        C        D        E       F      G
               +--------+--------+--------+--------+--------+-----+--------+
         Total |   1768 |   1708 |     60 |     48 |   1423 |   3 |  589.3 |
       Dungeon |   1768 |   1708 |     60 |     48 |   1423 |   3 |  589.3 |
               +--------+--------+--------+--------+--------+-----+--------+

Top non-repeatable levels by time:
     D:2: 828 daAuts
     D:1: 800 daAuts
     D:3: 140 daAuts
